 Dungeon Crawl Stone Soup version 0.32-a0-876-gcfddb08e57 (webtiles) character file.

Game seed: 8101877880466415740

343 Frousche the Chopper (level 6, 0/51 HPs)
             Began as a Mountain Dwarf Fighter on Apr 1, 2024.
             Succumbed to a scorpion's poison
             ... on level 4 of the Dungeon.
             The game lasted 00:13:56 (3333 turns).

Frousche the Chopper (Mountain Dwarf Fighter)       Turns: 3333, Time: 00:13:57

Health: 0/51       AC:  9    Str: 21    XL:     6   Next: 31%
Magic:  6/6        EV:  6    Int:  8    God:
Gold:   148        SH:  5    Dex:  9    Spells: 5/5 levels left

rFire   . . .        l - +1 spear (venom)
rCold   . . .        c - +1 buckler
rNeg    . . .        g - +0 chain mail
rPois   .            (no helmet)
rElec   .            (no cloak)
rCorr   .            (no gloves)
SInv    .            (no boots)
Will    .....        m - amulet of magic regeneration Stlth
                     (no ring)
HPRegen 0.28/turn    (no ring)
MPRegen 0.50/turn

%: no passive effects
@: mighty, lethally poisoned (0 -> -8)
A: runic magic, artefact enchanting
a: no special abilities


You were on level 4 of the Dungeon.
You visited 1 branch of the dungeon, and saw 4 of its levels.

You collected 148 gold pieces.

Inventory:

Hand Weapons
 a - a +0 war axe
 l - a +1 spear of venom (weapon)
Missiles
 j - 6 poisoned darts (quivered)
Armour
 c - a +1 buckler (worn)
 g - a +0 chain mail (worn)
Jewellery
 m - an amulet of magic regeneration (around neck)
Scrolls
 b - a scroll of teleportation
Potions
 e - a potion of attraction
 f - a potion of cancellation
 h - a potion of lignification {unknown}
 i - 2 potions of curing {unknown}
 k - a potion of resistance {unknown}


   Skills:
 - Level 3.4 Fighting
 * Level 7.8 Axes
 - Level 3.5 Armour
 - Level 3.5 Shields


You had 5 spell levels left.
You didn't know any spells.
Your spell library contained the following spells:

 Spells                   Type           Power      Damage    Failure   Level
 Apportation              Tloc           0%         N/A       65%         1
 Necrotise                Necr           0%         1d4       65%         1
 Sandblast                Erth           0%         2d4       65%         1
 Sting                    Conj/Alch      0%         1d3       65%         1
 Summon Small Mammal      Summ           0%         N/A       65%         1
 Cigotuvi's Dreadful Rot  Necr/Alch/Air  0%         N/A       78%         2
 Stone Arrow              Conj/Erth      0%         3d7       95%         3
 Brom's Barrelling Bould  Conj/Erth      0%         2d3       100%        4
 Ignite Poison            Fire/Alch      0%         N/A       100%        4
 Freezing Cloud           Conj/Ice/Air   0%         6-21      100%        5


Dungeon Overview and Level Annotations

Branches:
Dungeon (4/15)
 Temple: D:4-7

Altars:
Nemelex Xobeh
Qazlal

Annotations:
D:4 Edmund


Innate Abilities, Weirdness & Mutations

Your spellcasting is much less encumbered by armour.
You can use scrolls of enchantment on lesser artefacts.


Message History

You closely miss the scorpion.
The scorpion stings you but does no damage.
The scorpion attacks as it pursues you! You block the scorpion's attack.
The scorpion stings you but does no damage. x2
The scorpion stings you but does no damage.
The scorpion attacks as it pursues you!
The scorpion stings you but does no damage.
You hit the scorpion.
The scorpion is poisoned.
The scorpion is lightly wounded.
The scorpion completely misses you.
You hit the scorpion but do no damage.
The scorpion is moderately wounded.
You block the scorpion's attack.
You hit the scorpion.
The scorpion looks as sick as possible!
The scorpion is heavily wounded.
The scorpion stings you.
You are poisoned.
The scorpion poisons you! The scorpion stings you.
You barely miss the scorpion.
The scorpion is severely wounded.
You feel very sick. The scorpion stings you.
You are more poisoned.
The scorpion poisons you!
You hit the scorpion but do no damage.
The scorpion looks as sick as possible!
The scorpion is almost dead.
You feel very sick.
You kill the scorpion!
You hit Edmund.
Edmund is lightly wounded.
You feel very sick.
Edmund hits you with a +6 dire flail of holy wrath!
* * * LOW HITPOINT WARNING * * *
You feel very mighty all of a sudden.
You feel sick.
Edmund hits you with a +6 dire flail of holy wrath!
* * * LOW HITPOINT WARNING * * *
You hit Edmund.
Edmund is poisoned.
Edmund is lightly wounded.
You die...

#######..##...##..>.....#
#........#######........##
#.............#...........
#...##†####...#...........
#...##...## ..#...........
+.........# .#...........
##+###...#######.#########
#...##...##@##.....
#....#....@........
#....#.............
#....'.............
#....#.............
###################


You could see Edmund (very poisoned).

Vanquished Creatures
  An ogre (D:3)
  A scorpion (D:4)
  2 sleepcaps (D:4)
  8 adders
  3 ribbon worms
  4 dart slugs
  8 ball pythons
  7 bats
  3 endoplasms
  4 giant cockroaches
  6 goblins
  5 hobgoblins
  3 jackals (D:2)
  8 kobolds
  4 quokkas
  A frilled lizard (D:2)
  2 rats (D:1)
70 creatures vanquished.

Notes
Turn   | Place    | Note
-------+----------+-------------------------------------------
     0 | D:1      | Frousche the Mountain Dwarf Fighter began the quest for the
                  | Orb.
     0 | D:1      | Reached XP level 1. HP: 19/19 MP: 1/1
   342 | D:1      | Reached XP level 2. HP: 26/26 MP: 2/2
   841 | D:1      | Reached skill level 3 in Axes
  1247 | D:2      | Reached XP level 3. HP: 31/31 MP: 3/3
  1257 | D:2      | Reached skill level 4 in Axes
  1312 | D:2      | Reached XP level 4. HP: 21/38 MP: 4/4
  1532 | D:2      | Reached skill level 5 in Axes
  1693 | D:2      | Found a sparkling altar of Nemelex Xobeh.
  1987 | D:3      | Noticed an ogre
  1999 | D:3      | Found a stormy altar of Qazlal.
  2012 | D:3      | Killed an ogre
  2013 | D:3      | Reached skill level 6 in Axes
  2013 | D:3      | Reached XP level 5. HP: 15/45 MP: 5/5
  2955 | D:4      | Reached skill level 7 in Axes
  2982 | D:4      | Reached XP level 6. HP: 13/51 MP: 6/6
  3317 | D:4      | Noticed Edmund
  3332 | D:4      | HP: 2/51 [Edmund/+6 dire flail of holy wrath (9)]
  3333 | D:4      | Succumbed to a scorpion's poison

Illustrated notes

Levels and vault maps discovered:
D:1:      saegor_arrival_simple_a, layout_loops_corners, serial_aquarium,
          aquarium_bridge_square [aquarium_subvault_window,
          aquarium_subvault_wall, aquarium_subvault_bridge,
          aquarium_subvault_bridge], aquarium_window_fake, aquarium_window_fake,
          aquarium_window_1, aquarium_view_2d, aquarium_balcony_double_1,
          fountainhead
D:2:      layout_basic, basic_altar, nicolae_eternal_life
D:3:      layout_basic, mainiacjoe_overflow_alcove_1, kennysheep_donut
D:4:      layout_gridville, mainiacjoe_overflow_24_doors, fedhas_altar_4,
          minmay_checkerbox, uniq_edmund

Skill      XL: |  1  2  3  4  5 |
---------------+----------------+-----
Axes           | 3 4 6 7 |  7.8
Fighting       | |  3.4
Armour         | |  3.5
Shields        | |  3.5

Action                     |  1- 3 |  4- 6 || total
---------------------------+-------+-------++-------
  Melee: War axe           |   107 |   126 ||   233
         Spear             |       |    24 ||    24
    Use: Scroll            |     4 |     3 ||     7
         Potion            |       |     1 ||     1
 Armour: Scale mail        |    36 |       ||    36
         Chain mail        |    69 |   131 ||   200
  Dodge: Dodged            |    43 |    58 ||   101
  Block: Buckler           |    27 |    40 ||    67

Table legend: (Time is in decaauts)
 A = Elapsed time spent in this place.
 B = Non-inter-level travel time spent in this place.
 C = Inter-level travel time spent in this place.
 D = Time resting spent in this place.
 E = Time spent auto-exploring this place.
 F = Levels seen in this place.
 G = Mean time per level.
                   A        B        C        D        E       F      G
               +--------+--------+--------+--------+--------+-----+--------+
         Total |   3397 |   3284 |    113 |    263 |   2318 |   4 |  849.2 |
       Dungeon |   3397 |   3284 |    113 |    263 |   2318 |   4 |  849.2 |
               +--------+--------+--------+--------+--------+-----+--------+

Top non-repeatable levels by time:
     D:1: 1192 daAuts
     D:3: 976 daAuts
     D:2: 835 daAuts
     D:4: 393 daAuts
